 Dungeon Crawl Stone Soup version 0.31-a0-344-gd109795599 (webtiles) character file.

Game seed: 17625125564543744146

46 Hajna the Chiller (level 3, -5/21 (24) HPs)
             Began as a Demonspawn Ice Elementalist on July 22, 2023.
             Killed from afar by Blork the orc (7 damage)
             ... with a magic dart
             ... on level 4 of the Dungeon.
             The game lasted 00:04:22 (2502 turns).

Hajna the Chiller (Demonspawn Ice Elementalist)     Turns: 2502, Time: 00:04:30

HP:   -5/21 (24)    AC:  2    Str:  6 (8)  XL:     3   Next: 46%
MP:   0/6           EV: 11    Int: 15 (18) God:
Gold: 90            SH:  3    Dex: 12 (13) Spells: 1/7 levels left

rFire   . . .        m - +0 dagger
rCold   . . .        p - +0 buckler
rNeg    . . .        a - +0 robe
rPois   .            (helmet restricted)
rElec   .            (no cloak)
rCorr   .            (no gloves)
SInv    .            (no boots)
Will    .....        (no amulet)
Stlth   ++           (no ring)
HPRegen 0.23/turn    (no ring)
MPRegen 0.10/turn

%: no passive effects
@: freezing walls, very slightly contaminated, heavily drained, invisible
A: hooves 1, horns 1
a: no special abilities


You were on level 4 of the Dungeon.
You visited 1 branch of the dungeon, and saw 4 of its levels.

You collected 144 gold pieces.
You spent 54 gold pieces at shops.

Inventory:

Hand Weapons
 e - a +0 club
 m - a +0 dagger (weapon)
Missiles
 i - 4 poisoned darts
Armour
 a - a +0 robe (worn)
 p - a +0 buckler (worn)
Jewellery
 h - a +6 ring of intelligence
Scrolls
 c - a scroll of teleportation {unknown}
 d - a scroll of noise {unknown}
 f - 2 scrolls of enchant weapon {unknown}
 g - a scroll of amnesia {unknown}
 l - a scroll of fear {unknown}
 q - a scroll of vulnerability {unknown}
Potions
 b - a potion of magic
 o - a potion of curing {unknown}
 r - a potion of attraction {unknown}


   Skills:
 + Level 1.7 Dodging
 + Level 2.0 Stealth
 + Level 0.1 Unarmed Combat
 + Level 2.5 Spellcasting
 + Level 4.3 Ice Magic
 + Level 0.1 Poison Magic


You had one spell level left.
You knew the following spells:

 Your Spells              Type           Power      Damage    Failure   Level
a - Freeze                Ice            56%        1d7       6%          1
b - Frozen Ramparts       Ice            28%        1d5       19%         3
c - Cigotuvi's Dreadful   Necr/Pois/Air  4%         N/A       50%         2

Your spell library contained the following spells:

 Spells                   Type           Power      Damage    Failure   Level
 Ozocubu's Armour         Ice            14%        N/A       19%         3
 Ignite Poison            Fire/Tmut/Pois 2%         N/A       73%         3
 Summon Ice Beast         Ice/Summ       8%         N/A       83%         4
 Freezing Cloud           Conj/Ice/Air   3%         6-21      99%         5


Dungeon Overview and Level Annotations

Branches:
Dungeon (4/15)
 Temple: D:4-7

Altars:

Shops:
D:3 [

Annotations:
D:4 Blork the orc


Innate Abilities, Weirdness & Mutations

You have large cloven feet.
You have a pair of small horns on your head.


Message History

Blork the orc resists.
The wall freezes Blork the orc.
Blork the orc completely misses you.
You barely miss Blork the orc.
Blork the orc is lightly wounded.
Blork the orc completely resists.
The wall freezes Blork the orc but does no damage.
Blork the orc hits you with a +0 dire flail!
Ouch! That really hurt!
Casting: Frozen Ramparts (extremely dangerous; 14% risk of failure)
Confirm with . or Enter, or press ? or * to list all spells.
Aiming: Freeze (safe; 4% risk of failure)
Press: ? - help, Shift-Dir - straight line, f - Blork the orc
Aim: Blork the orc, wielding a +0 dire flail and wearing a +2 robe of cold resistance (lightly wounded)
You freeze Blork the orc.
Blork the orc resists.
Blork the orc is lightly wounded.
Blork the orc resists.
The wall freezes Blork the orc.
Blork the orc closely misses you.
You hit Blork the orc.
You kick Blork the orc, but do no damage.
Blork the orc is moderately wounded.
Blork the orc resists.
The wall freezes Blork the orc.
Blork the orc hits you with a +0 dire flail!
* * * LOW HITPOINT WARNING * * *
It was a potion of degeneration.
There was something very wrong with that liquid.
You feel weakened.
You feel dopey.
You feel clumsy.
The wall freezes Blork the orc but does no damage.
Blork the orc completely misses you.
It was a potion of invisibility.
You fade into invisibility!
Blork the orc resists.
The wall freezes Blork the orc.
Blork the orc gestures at you while chanting.
The puff of frost misses you.
It was a potion of mutation.
You feel extremely strange. A pair of horns grows on your head!
Blork the orc resists.
The wall freezes Blork the orc.
Blork the orc grins evilly.
Blork the orc casts a spell at you. The magic dart hits you!
You die...

##...#..#
#.......#
#.......
#......###.#.
#.###...#.[.....
#........o.....#
######†#########
#o...# #@##.#
#.##.# #.##.#
#.##.# #.##.#
#.##.# #.##.###
#.##...#
#.####.#


You could see Blork the orc (unable to see you).

Vanquished Creatures
  An adder (D:3)
  A worm (D:3)
  A dart slug (D:3)
  4 endoplasms
  A giant cockroach (D:1)
  A goblin (D:1)
  5 kobolds
  8 ball pythons
  A bat (D:1)
  13 rats
36 creatures vanquished.

Notes
Turn   | Place    | Note
-------+----------+-------------------------------------------
     0 | D:1      | Hajna the Demonspawn Ice Elementalist began the quest for
                  | the Orb.
     0 | D:1      | Reached XP level 1. HP: 13/13 MP: 3/3
   348 | D:1      | Gained mutation: You have large cloven feet. [demonic
                  | ancestry]
   348 | D:1      | Reached XP level 2. HP: 19/19 MP: 3/5
   450 | D:1      | Reached skill level 4 in Ice Magic
  1232 | D:2      | You fall into a shaft and drop 1 floor!
  1364 | D:3      | Reached XP level 3. HP: 24/24 MP: 3/6
  1544 | D:3      | Learned a level 3 spell: Frozen Ramparts
  1547 | D:3      | Learned a level 2 spell: Cigotuvi's Dreadful Rot
  1737 | D:3      | Found Urruulav's Armour Emporium.
  1745 | D:3      | Bought a +0 buckler for 54 gold pieces
  2486 | D:4      | Noticed Blork the orc
  2499 | D:4      | HP: 1/21 [Blork the orc/+0 dire flail (7)]
  2502 | D:4      | Gained mutation: You have a pair of small horns on your
                  | head. [potion of mutation]
  2502 | D:4      | Killed from afar by Blork the orc

Illustrated notes

Levels and vault maps discovered:
D:1:      tekkud_arrival_beachfront_property, layout_basic, serial_aquarium,
          aquarium_bridge_island_small [aquarium_subvault_small_water,
          aquarium_subvault_bridge, aquarium_subvault_bridge,
          aquarium_subvault_bridge, aquarium_subvault_bridge],
          aquarium_window_fake, aquarium_window_1, aquarium_window_1,
          aquarium_view_2a, aquarium_balcony_double_4, minmay_rat_gold_closets
D:2:      layout_rooms, dreamdust_ecumenical_altar_sealed_demon
D:3:      layout_basic, serial_shops, shop
D:4:      layout_loops_ring, uniq_blork_the_orc, uniq_menkaure

Skill      XL: |  1  2 |
---------------+-------+-----
Ice Magic      | 4 |  4.3
Stealth        | 2 |  2.0
Dodging        | |  1.7
Unarmed Combat | |  0.1
Spellcasting   | |  2.5
Poison Magic   | |  0.1

Action                     || total
---------------------------++-------
  Melee: Unarmed           ||     6
         Club              ||    15
         Kick              ||     6
         Dagger            ||     6
         Punch             ||     1
   Cast: Freeze            ||    48
         Frozen Ramparts   ||     2
         Cigotuvi's Dreadf ||     1
    Use: Potion            ||     3
   Stab: Sleeping          ||     2
 Armour: Robe              ||    11
  Dodge: Dodged            ||    46
  Block: Buckler           ||     3

Table legend: (Time is in decaauts)
 A = Elapsed time spent in this place.
 B = Non-inter-level travel time spent in this place.
 C = Inter-level travel time spent in this place.
 D = Time resting spent in this place.
 E = Time spent auto-exploring this place.
 F = Levels seen in this place.
 G = Mean time per level.
                   A        B        C        D        E       F      G
               +--------+--------+--------+--------+--------+-----+--------+
         Total |   2505 |   2482 |     23 |      0 |   2206 |   4 |  626.2 |
       Dungeon |   2505 |   2482 |     23 |      0 |   2206 |   4 |  626.2 |
               +--------+--------+--------+--------+--------+-----+--------+

Top non-repeatable levels by time:
     D:1: 1185 daAuts
     D:3: 1184 daAuts
     D:4: 86 daAuts
     D:2: 48 daAuts
